[ AOE2 MATCH · #476354294 ]
UnrankedArmenians vs Burmese
[ REPLAY ANALYSIS · EXTRACTED FROM THE RECORDED GAME ]
Feudal
10:59
Castle
14:44
Imperial
27:43
| APM avg | 56.0 |
| APM peak | 95 |
| eAPM avg | 33.7 |
| Villagers / military | 188 / 772 |
Focus
⚔️ 49.2% · 🌾 50.8%
Militia ×292 · Skirmisher ×262 · Spearman ×159 · Archer ×25 · Battering Ram ×14 · Trebuchet (Packed) ×13
Feudal
10:53
Castle
14:28
Imperial
31:16
| APM avg | 44.6 |
| APM peak | 115 |
| eAPM avg | 23.6 |
| Villagers / military | 238 / 197 |
Focus
⚔️ 31.2% · 🌾 68.8%
Archer ×151 · Spearman ×35 · Trade Cart ×9 · Battering Ram ×4 · Skirmisher ×3 · Monk ×2
Feudal
10:31
Castle
16:06
Imperial
30:09
| APM avg | 58.4 |
| APM peak | 99 |
| eAPM avg | 22.1 |
| Villagers / military | 169 / 215 |
Focus
⚔️ 28.4% · 🌾 71.6%
Arambai ×189 · Trade Cart ×69 · Trebuchet (Packed) ×17 · Petard ×4 · Scout Cavalry ×3 · Monk ×2
Feudal
10:56
Castle
14:30
Imperial
28:10
| APM avg | 52.0 |
| APM peak | 96 |
| eAPM avg | 34.9 |
| Villagers / military | 157 / 429 |
Focus
⚔️ 30.0% · 🌾 70.0%
Scout Cavalry ×256 · Mangudai ×144 · Battering Ram ×27 · Trade Cart ×22 · Trebuchet (Packed) ×2
Feudal
10:31
Castle
14:30
Imperial
28:35
| APM avg | 28.1 |
| APM peak | 57 |
| eAPM avg | 19.9 |
| Villagers / military | 178 / 649 |
Focus
⚔️ 42.9% · 🌾 57.1%
Spearman ×216 · Knight ×188 · Scout Cavalry ×149 · Leitis ×55 · Skirmisher ×33 · Trade Cart ×28
Feudal
8:54
Castle
20:52
Imperial
41:40
| APM avg | 55.5 |
| APM peak | 105 |
| eAPM avg | 36.3 |
| Villagers / military | 174 / 548 |
Focus
⚔️ 56.3% · 🌾 43.7%
Spearman ×272 · Knight ×122 · Steppe Lancer ×72 · Camel Scout ×50 · Battering Ram ×31 · Trade Cart ×12
Feudal
13:08
Castle
21:46
Imperial
27:11
| APM avg | 36.0 |
| APM peak | 79 |
| eAPM avg | 25.6 |
| Villagers / military | 158 / 260 |
Focus
⚔️ 42.0% · 🌾 58.0%
Scout Cavalry ×137 · Spearman ×116 · Unknown (1949) ×93 · Trade Cart ×16 · Unknown (1942) ×14 · Battering Ram ×7
Feudal
12:06
Castle
16:06
Imperial
29:36
| APM avg | 39.4 |
| APM peak | 78 |
| eAPM avg | 26.8 |
| Villagers / military | 219 / 275 |
Focus
⚔️ 30.3% · 🌾 69.7%
Militia ×156 · Spearman ×100 · Genoese Crossbowman ×17 · Trade Cart ×16 · Unknown (882) ×13 · Trebuchet (Packed) ×2
Match map
Initial resources + every placement click. Lines = walls · curves = elevation contours. ◆ gold · ⬟ stone · ● berries · ✦ relic · ◌ wall gap
Your base· ✓ Closed at 14:44 · 0t walls · 3 gate(s)
Jnosh's base· ✓ Closed at 14:28 · 0t walls · 2 gate(s)
SS_Snap's base· ✓ Closed at 16:06 · 0t walls · 3 gate(s)
SS_T3q's base· ✓ Closed at 14:30 · 0t walls · 3 gate(s)
far_costa's base· ✓ Closed at 14:30 · 3t walls · 2 gate(s)
WolfPaladin's base· ✓ Closed at 20:52 · 1t walls · 2 gate(s)
Nordigard's base· ✓ Closed at 21:46 · 0t walls · 3 gate(s)
SS_Tiozão's base· ✓ Closed at 16:06 · 0t walls · 2 gate(s)
Smoothed initial terrain · ◌ = detected wall gap · hover for details
Inputs per minute
— LeoHefny - - Jnosh
Build order — LeoHefny
First 150 of 919 actions detected
| 0:02 | Create | Villager (Male) ×4 |
| 0:02 | Create | Villager (Male) ×4 |
| 0:03 | Build | House |
| 0:04 | Build | House |
| 1:42 | Create | Villager (Male) |
| 1:42 | Create | Villager (Male) |
| 1:45 | Build | Mule Cart |
| 2:05 | Create | Villager (Male) |
| 2:11 | Create | Villager (Male) |
| 2:11 | Create | Villager (Male) |
| 2:49 | Create | Villager (Male) |
| 3:21 | Create | Villager (Male) |
| 3:21 | Create | Villager (Male) |
| 3:27 | Build | Mill |
| 3:36 | Create | Villager (Male) |
| 3:55 | Build | House |
| 3:56 | Build | House |
| 4:05 | Create | Villager (Male) |
| 4:05 | Create | Villager (Male) |
| 4:05 | Create | Villager (Male) |
| 4:34 | Build | House |
| 4:39 | Create | Villager (Male) |
| 4:39 | Create | Villager (Male) |
| 4:39 | Create | Villager (Male) |
| 4:45 | Create | Villager (Male) |
| 4:45 | Create | Villager (Male) |
| 4:56 | Build | House |
| 5:26 | Create | Villager (Male) |
| 5:42 | Create | Villager (Male) |
| 5:59 | Build | Mule Cart |
| 6:03 | Create | Villager (Male) |
| 6:40 | Create | Villager (Male) |
| 6:40 | Create | Villager (Male) |
| 6:40 | Create | Villager (Male) |
| 6:40 | Create | Villager (Male) |
| 7:47 | Create | Villager (Male) |
| 7:47 | Create | Villager (Male) |
| 8:44 | Research | Feudal Age |
| 10:40 | Create | Villager (Male) |
| 10:40 | Create | Villager (Male) |
| 10:59 | Age | Feudal Age |
| 11:01 | Build | Market |
| 11:04 | Build | Blacksmith |
| 12:04 | Research | Castle Age |
| 12:05 | Research | Castle Age |
| 12:05 | Research | Castle Age |
| 12:26 | Build | Farm |
| 12:26 | Build | Farm |
| 12:26 | Build | Farm |
| 12:26 | Build | Farm |
| 12:26 | Build | Farm |
| 12:37 | Research | Double-Bit Axe |
| 12:38 | Research | Double-Bit Axe |
| 12:38 | Research | Double-Bit Axe |
| 12:39 | Build | Farm |
| 12:39 | Build | Farm |
| 12:40 | Build | Farm |
| 12:40 | Build | Farm |
| 12:40 | Build | Farm |
| 12:53 | Build | Farm |
| 12:53 | Build | Farm |
| 12:53 | Build | Farm |
| 12:53 | Build | Farm |
| 13:05 | Build | Farm |
| 13:34 | Research | Horse Collar |
| 13:34 | Research | Horse Collar |
| 14:44 | Age | Castle Age |
| 14:49 | Build | Town Center |
| 14:56 | Create | Villager (Male) |
| 14:56 | Create | Villager (Male) |
| 15:01 | Build | Town Center |
| 15:13 | Research | Bow Saw |
| 15:31 | Create | Villager (Male) |
| 15:36 | Create | Villager (Male) |
| 15:41 | Build | Farm |
| 15:50 | Build | Farm |
| 15:53 | Create | Villager (Male) |
| 15:56 | Build | Farm |
| 16:02 | Build | Farm |
| 16:03 | Create | Villager (Male) |
| 16:03 | Create | Villager (Male) |
| 16:15 | Create | Villager (Male) |
| 16:24 | Create | Villager (Male) |
| 16:27 | Build | Farm |
| 16:27 | Build | Farm |
| 16:27 | Build | Farm |
| 16:28 | Build | Farm |
| 16:28 | Build | Farm |
| 16:28 | Build | Farm |
| 16:39 | Build | Farm |
| 16:40 | Create | Villager (Male) |
| 16:40 | Create | Villager (Male) |
| 16:40 | Create | Villager (Male) |
| 16:43 | Create | Villager (Male) |
| 16:43 | Create | Villager (Male) |
| 16:44 | Create | Villager (Male) |
| 16:44 | Create | Villager (Male) |
| 16:51 | Build | House |
| 16:54 | Build | Farm |
| 16:57 | Create | Villager (Male) |
| 16:57 | Create | Villager (Male) |
| 16:57 | Create | Villager (Male) |
| 17:06 | Create | Villager (Male) |
| 17:06 | Create | Villager (Male) |
| 17:08 | Build | Farm |
| 17:21 | Create | Villager (Male) |
| 17:27 | Build | Monastery |
| 17:36 | Create | Villager (Male) |
| 17:36 | Create | Villager (Male) |
| 17:47 | Create | Villager (Male) |
| 17:48 | Create | Villager (Male) |
| 17:55 | Build | Farm |
| 17:57 | Build | Farm |
| 17:58 | Build | Farm |
| 18:03 | Research | Wheelbarrow |
| 18:04 | Research | Wheelbarrow |
| 18:04 | Research | Wheelbarrow |
| 18:11 | Create | Villager (Male) |
| 18:11 | Create | Villager (Male) |
| 18:11 | Create | Villager (Male) |
| 18:15 | Build | House |
| 18:18 | Build | House |
| 18:19 | Build | House |
| 18:35 | Create | Warrior Priest |
| 18:36 | Create | Villager (Male) |
| 18:36 | Create | Villager (Male) |
| 18:41 | Build | Farm |
| 18:53 | Build | Farm |
| 18:54 | Build | Farm |
| 18:56 | Create | Villager (Male) |
| 18:56 | Create | Villager (Male) |
| 18:57 | Build | Farm |
| 18:58 | Create | Villager (Male) |
| 19:31 | Create | Villager (Male) |
| 19:31 | Create | Villager (Male) |
| 19:31 | Create | Villager (Male) |
| 19:32 | Create | Warrior Priest |
| 19:36 | Build | House |
| 19:38 | Build | House |
| 19:41 | Build | House |
| 19:45 | Build | House |
| 19:47 | Build | House |
| 19:53 | Create | Warrior Priest |
| 19:54 | Create | Villager (Male) |
| 19:55 | Create | Villager (Male) |
| 20:04 | Build | Farm |
| 20:07 | Build | Farm |
| 20:10 | Build | Mill |
| 20:10 | Build | Farm |
| 20:11 | Build | Farm |
Build order — Jnosh
First 150 of 736 actions detected
| 0:00 | Create | Villager (Male) |
| 0:01 | Create | Villager (Male) |
| 0:02 | Build | House |
| 0:03 | Build | House |
| 0:11 | Create | Villager (Male) |
| 0:12 | Create | Villager (Male) |
| 1:27 | Create | Villager (Male) |
| 1:27 | Create | Villager (Male) |
| 1:28 | Create | Villager (Male) |
| 1:52 | Build | Lumber Camp |
| 2:00 | Create | Villager (Male) |
| 2:00 | Create | Villager (Male) |
| 2:17 | Create | Villager (Male) |
| 2:17 | Create | Villager (Male) |
| 2:44 | Create | Villager (Male) |
| 2:44 | Create | Villager (Male) |
| 3:13 | Create | Villager (Male) |
| 3:13 | Create | Villager (Male) |
| 3:56 | Build | House |
| 3:57 | Build | House |
| 4:03 | Build | House |
| 4:06 | Build | House |
| 4:07 | Create | Villager (Male) |
| 4:07 | Create | Villager (Male) |
| 4:08 | Create | Villager (Male) |
| 4:40 | Create | Villager (Male) |
| 4:41 | Create | Villager (Male) |
| 5:38 | Create | Villager (Male) |
| 5:51 | Build | Mill |
| 6:13 | Create | Villager (Male) |
| 6:22 | Create | Villager (Male) |
| 6:37 | Create | Villager (Male) |
| 7:19 | Create | Villager (Male) |
| 7:19 | Create | Villager (Male) |
| 7:24 | Build | Lumber Camp |
| 7:28 | Build | Mining Camp |
| 7:36 | Build | Farm |
| 7:39 | Build | Farm |
| 8:18 | Create | Villager (Male) |
| 8:19 | Research | Feudal Age |
| 8:36 | Build | Farm |
| 10:23 | Create | Villager (Male) |
| 10:24 | Create | Villager (Male) |
| 10:50 | Build | Farm |
| 10:53 | Age | Feudal Age |
| 10:59 | Build | Market |
| 11:06 | Build | Blacksmith |
| 11:48 | Research | Castle Age |
| 11:48 | Research | Castle Age |
| 11:56 | Research | Double-Bit Axe |
| 12:45 | Build | Farm |
| 12:51 | Build | House |
| 12:53 | Build | House |
| 12:54 | Build | House |
| 13:55 | Create | Villager (Male) |
| 13:55 | Create | Villager (Male) |
| 14:24 | Build | House |
| 14:25 | Build | House |
| 14:28 | Age | Castle Age |
| 14:38 | Build | Town Center |
| 15:09 | Research | Bow Saw |
| 15:27 | Build | Farm |
| 15:28 | Research | Horse Collar |
| 15:50 | Create | Villager (Male) |
| 15:51 | Create | Villager (Male) |
| 15:51 | Create | Villager (Male) |
| 16:17 | Research | Heavy Plow |
| 16:23 | Build | Farm |
| 16:31 | Build | Town Center |
| 16:32 | Create | Villager (Male) |
| 16:34 | Create | Villager (Male) |
| 16:41 | Create | Villager (Male) |
| 16:47 | Create | Villager (Male) |
| 16:48 | Create | Villager (Male) |
| 16:54 | Create | Villager (Male) |
| 16:55 | Build | Farm |
| 16:57 | Create | Villager (Male) |
| 17:00 | Create | Villager (Male) |
| 17:16 | Build | Farm |
| 17:23 | Create | Villager (Male) |
| 17:28 | Build | Farm |
| 17:32 | Build | Farm |
| 17:34 | Build | Farm |
| 17:45 | Create | Villager (Male) |
| 17:45 | Create | Villager (Male) |
| 17:48 | Build | Farm |
| 17:49 | Create | Villager (Male) |
| 17:58 | Create | Villager (Male) |
| 18:04 | Build | House |
| 18:10 | Build | Farm |
| 18:10 | Create | Villager (Male) |
| 18:14 | Build | Farm |
| 18:14 | Create | Villager (Male) |
| 18:21 | Create | Villager (Male) |
| 18:25 | Create | Villager (Male) |
| 18:27 | Build | Farm |
| 18:40 | Build | Farm |
| 18:40 | Create | Villager (Male) |
| 18:45 | Build | Farm |
| 18:47 | Build | Farm |
| 18:52 | Create | Villager (Male) |
| 19:01 | Create | Villager (Male) |
| 19:08 | Build | Monastery |
| 19:10 | Create | Villager (Male) |
| 19:13 | Build | Farm |
| 19:23 | Create | Villager (Male) |
| 19:23 | Create | Villager (Male) |
| 19:24 | Build | Farm |
| 19:25 | Build | Farm |
| 19:28 | Build | Farm |
| 19:33 | Build | Farm |
| 19:34 | Create | Villager (Male) |
| 19:34 | Create | Villager (Male) |
| 19:37 | Create | Monk |
| 19:41 | Create | Villager (Male) |
| 19:51 | Build | Farm |
| 19:53 | Build | Farm |
| 19:54 | Create | Villager (Male) |
| 19:58 | Build | Farm |
| 20:00 | Create | Villager (Male) |
| 20:08 | Create | Villager (Male) |
| 20:08 | Create | Villager (Male) |
| 20:08 | Create | Villager (Male) |
| 20:16 | Create | Villager (Male) |
| 20:16 | Create | Villager (Male) |
| 20:19 | Build | Farm |
| 20:20 | Build | Farm |
| 20:21 | Create | Villager (Male) |
| 20:42 | Create | Villager (Male) |
| 20:42 | Create | Villager (Male) |
| 20:46 | Create | Villager (Male) |
| 20:53 | Build | Mill |
| 20:54 | Build | Farm |
| 20:54 | Build | Farm |
| 20:54 | Build | Farm |
| 20:55 | Build | Farm |
| 20:55 | Build | Farm |
| 20:58 | Create | Villager (Male) |
| 20:59 | Create | Villager (Male) |
| 21:06 | Build | Farm |
| 21:07 | Create | Villager (Male) |
| 21:08 | Create | Villager (Male) |
| 21:18 | Build | Stone Wall |
| 21:30 | Create | Monk |
| 21:32 | Create | Villager (Male) |
| 21:59 | Build | Castle |
| 22:01 | Create | Villager (Male) |
| 22:06 | Create | Villager (Male) |
| 22:08 | Build | Barracks |
| 22:20 | Create | Villager (Male) |
Build order — SS_Snap
First 150 of 464 actions detected
| 0:01 | Create | Villager (Male) |
| 0:01 | Create | Villager (Male) |
| 0:01 | Create | Villager (Male) |
| 0:02 | Create | Villager (Male) |
| 0:04 | Build | House |
| 0:07 | Build | House |
| 1:34 | Create | Villager (Male) |
| 1:34 | Create | Villager (Male) |
| 1:45 | Build | Lumber Camp |
| 2:02 | Create | Villager (Male) |
| 2:17 | Create | Villager (Male) |
| 2:17 | Create | Villager (Male) |
| 2:46 | Create | Villager (Male) |
| 3:04 | Create | Villager (Male) |
| 3:05 | Create | Villager (Male) |
| 3:39 | Create | Villager (Male) |
| 3:39 | Create | Villager (Male) |
| 3:53 | Build | House |
| 3:54 | Create | Villager (Male) |
| 3:55 | Create | Villager (Male) |
| 4:27 | Create | Villager (Male) |
| 4:27 | Create | Villager (Male) |
| 4:27 | Create | Villager (Male) |
| 4:42 | Create | Villager (Male) |
| 5:18 | Create | Villager (Male) |
| 5:18 | Create | Villager (Male) |
| 6:05 | Create | Villager (Male) |
| 6:05 | Create | Villager (Male) |
| 6:16 | Create | Villager (Male) |
| 6:26 | Build | House |
| 6:31 | Create | Villager (Male) |
| 6:47 | Create | Villager (Male) |
| 6:57 | Build | Mill |
| 7:14 | Create | Villager (Male) |
| 8:15 | Research | Feudal Age |
| 8:16 | Research | Feudal Age |
| 8:19 | Build | House |
| 8:38 | Build | Mining Camp |
| 8:54 | Build | Farm |
| 8:55 | Build | Farm |
| 8:56 | Build | Farm |
| 9:05 | Build | Farm |
| 9:13 | Create | Villager (Male) |
| 9:51 | Create | Villager (Male) |
| 10:04 | Build | Farm |
| 10:07 | Build | Farm |
| 10:15 | Build | Farm |
| 10:31 | Age | Feudal Age |
| 11:13 | Create | Villager (Male) |
| 11:22 | Build | Market |
| 11:27 | Create | Villager (Male) |
| 11:52 | Create | Villager (Male) |
| 11:59 | Build | Mining Camp |
| 12:14 | Create | Villager (Male) |
| 12:32 | Build | Blacksmith |
| 12:40 | Create | Villager (Male) |
| 13:21 | Research | Castle Age |
| 13:21 | Research | Castle Age |
| 13:36 | Research | Horse Collar |
| 13:36 | Research | Horse Collar |
| 14:29 | Build | House |
| 15:43 | Build | Farm |
| 15:45 | Build | Farm |
| 15:47 | Build | Farm |
| 15:48 | Build | Farm |
| 15:49 | Build | Farm |
| 15:54 | Create | Villager (Male) |
| 15:54 | Create | Villager (Male) |
| 16:06 | Age | Castle Age |
| 16:26 | Build | Castle |
| 16:39 | Create | Villager (Male) |
| 16:57 | Research | Padded Archer Armor |
| 17:01 | Research | Heavy Plow |
| 17:13 | Create | Villager (Male) |
| 17:34 | Create | Villager (Male) |
| 17:43 | Create | Arambai |
| 17:43 | Create | Arambai |
| 17:47 | Create | Villager (Male) |
| 17:53 | Create | Villager (Male) |
| 17:56 | Research | Gold Mining |
| 17:58 | Create | Arambai |
| 17:58 | Create | Arambai |
| 18:16 | Create | Villager (Male) |
| 18:34 | Create | Arambai |
| 18:34 | Create | Arambai |
| 18:34 | Create | Arambai |
| 18:36 | Create | Villager (Male) |
| 18:42 | Build | Town Center |
| 18:47 | Create | Villager (Male) |
| 19:01 | Create | Arambai |
| 19:01 | Create | Arambai |
| 19:08 | Create | Villager (Male) |
| 19:20 | Create | Arambai |
| 19:20 | Create | Arambai |
| 19:28 | Create | Petard |
| 19:37 | Create | Villager (Male) |
| 19:40 | Create | Petard |
| 19:59 | Create | Villager (Male) |
| 20:02 | Create | Arambai |
| 20:02 | Create | Arambai |
| 20:02 | Create | Arambai |
| 20:12 | Build | Farm |
| 20:15 | Create | Villager (Male) |
| 20:31 | Research | Loom |
| 20:31 | Research | Loom |
| 20:32 | Build | Farm |
| 20:39 | Create | Villager (Male) |
| 20:54 | Create | Arambai |
| 20:54 | Create | Arambai |
| 20:58 | Build | House |
| 20:59 | Build | House |
| 21:43 | Create | Arambai |
| 21:43 | Create | Arambai |
| 21:45 | Create | Villager (Male) |
| 21:52 | Create | Arambai |
| 21:57 | Create | Villager (Male) |
| 22:05 | Create | Villager (Male) |
| 22:06 | Create | Villager (Male) |
| 22:07 | Create | Villager (Male) |
| 22:08 | Build | Farm |
| 22:30 | Create | Villager (Male) |
| 22:30 | Create | Villager (Male) |
| 22:47 | Create | Villager (Male) |
| 22:47 | Create | Villager (Male) |
| 22:49 | Build | Farm |
| 22:50 | Create | Villager (Male) |
| 22:51 | Create | Villager (Male) |
| 23:09 | Build | Castle |
| 23:17 | Create | Villager (Male) |
| 23:18 | Create | Villager (Male) |
| 23:19 | Build | Farm |
| 23:20 | Build | Farm |
| 23:28 | Build | Farm |
| 23:29 | Build | Farm |
| 23:31 | Build | Mill |
| 23:32 | Build | Farm |
| 23:47 | Build | Farm |
| 24:10 | Build | Farm |
| 24:13 | Research | Wheelbarrow |
| 24:18 | Build | Farm |
| 24:19 | Build | Farm |
| 24:40 | Build | Mill |
| 24:45 | Create | Petard |
| 24:45 | Create | Petard |
| 24:56 | Create | Villager (Male) |
| 24:58 | Build | Farm |
| 25:14 | Build | Farm |
| 25:15 | Build | Farm |
| 25:21 | Build | Farm |
| 25:23 | Build | Farm |
Build order — SS_T3q
First 150 of 738 actions detected
| 0:01 | Create | Villager (Male) |
| 0:01 | Create | Villager (Male) |
| 0:01 | Create | Villager (Male) |
| 0:02 | Build | House |
| 0:03 | Build | House |
| 1:14 | Create | Villager (Male) |
| 1:14 | Create | Villager (Male) |
| 1:38 | Create | Villager (Male) |
| 1:52 | Build | Lumber Camp |
| 1:56 | Create | Villager (Male) |
| 1:56 | Create | Villager (Male) |
| 2:24 | Create | Villager (Male) |
| 2:44 | Create | Villager (Male) |
| 3:12 | Create | Villager (Male) |
| 3:31 | Create | Villager (Male) |
| 4:00 | Build | House |
| 4:03 | Create | Villager (Male) |
| 4:21 | Create | Villager (Male) |
| 4:50 | Create | Villager (Male) |
| 5:02 | Build | Mill |
| 5:17 | Create | Villager (Male) |
| 5:33 | Build | House |
| 5:49 | Create | Villager (Male) |
| 6:04 | Create | Villager (Male) |
| 6:31 | Create | Villager (Male) |
| 6:46 | Build | Mining Camp |
| 6:52 | Create | Villager (Male) |
| 7:18 | Create | Villager (Male) |
| 7:51 | Create | Villager (Male) |
| 8:04 | Create | Villager (Male) |
| 8:23 | Research | Feudal Age |
| 8:35 | Build | Farm |
| 8:36 | Build | Farm |
| 10:09 | Build | House |
| 10:28 | Build | Farm |
| 10:45 | Create | Villager (Male) |
| 10:56 | Age | Feudal Age |
| 10:58 | Build | Market |
| 10:59 | Build | Blacksmith |
| 11:17 | Build | Farm |
| 11:19 | Create | Villager (Male) |
| 11:50 | Research | Castle Age |
| 12:01 | Research | Double-Bit Axe |
| 12:01 | Research | Double-Bit Axe |
| 12:01 | Research | Double-Bit Axe |
| 12:05 | Research | Horse Collar |
| 12:05 | Research | Horse Collar |
| 12:05 | Research | Horse Collar |
| 12:59 | Build | Farm |
| 13:03 | Build | Farm |
| 13:05 | Build | Farm |
| 14:02 | Create | Villager (Male) |
| 14:02 | Create | Villager (Male) |
| 14:30 | Age | Castle Age |
| 14:32 | Build | Town Center |
| 14:38 | Build | Town Center |
| 14:44 | Build | Town Center |
| 14:57 | Build | Farm |
| 14:59 | Create | Villager (Male) |
| 15:01 | Build | Farm |
| 15:24 | Build | Farm |
| 15:28 | Create | Villager (Male) |
| 15:45 | Create | Villager (Male) |
| 15:45 | Create | Villager (Male) |
| 15:50 | Build | House |
| 15:51 | Build | House |
| 15:52 | Build | House |
| 15:52 | Build | House |
| 15:56 | Build | Farm |
| 15:59 | Create | Villager (Male) |
| 16:00 | Create | Villager (Male) |
| 16:09 | Create | Villager (Male) |
| 16:15 | Build | Farm |
| 16:21 | Create | Villager (Male) |
| 16:22 | Create | Villager (Male) |
| 16:22 | Create | Villager (Male) |
| 16:41 | Build | Farm |
| 16:45 | Create | Villager (Male) |
| 16:45 | Create | Villager (Male) |
| 16:55 | Build | Farm |
| 16:59 | Create | Villager (Male) |
| 17:04 | Build | Farm |
| 17:15 | Create | Villager (Male) |
| 17:15 | Create | Villager (Male) |
| 17:16 | Create | Villager (Male) |
| 17:29 | Build | Farm |
| 17:30 | Build | Farm |
| 17:33 | Build | Farm |
| 17:36 | Create | Villager (Male) |
| 17:37 | Create | Villager (Male) |
| 17:43 | Build | Farm |
| 17:45 | Build | House |
| 17:49 | Build | House |
| 17:50 | Build | House |
| 17:53 | Create | Villager (Male) |
| 17:53 | Create | Villager (Male) |
| 17:55 | Build | Farm |
| 18:07 | Build | Farm |
| 18:11 | Create | Villager (Male) |
| 18:12 | Create | Villager (Male) |
| 18:22 | Build | Farm |
| 18:32 | Build | Farm |
| 18:33 | Create | Villager (Male) |
| 18:34 | Create | Villager (Male) |
| 18:35 | Create | Villager (Male) |
| 18:44 | Build | House |
| 18:46 | Build | Farm |
| 18:51 | Build | Farm |
| 18:58 | Create | Villager (Male) |
| 18:58 | Create | Villager (Male) |
| 18:59 | Create | Villager (Male) |
| 19:15 | Build | Farm |
| 19:17 | Build | House |
| 19:19 | Create | Villager (Male) |
| 19:19 | Create | Villager (Male) |
| 19:19 | Create | Villager (Male) |
| 19:33 | Build | Lumber Camp |
| 19:38 | Build | Farm |
| 19:46 | Research | Wheelbarrow |
| 19:46 | Research | Wheelbarrow |
| 19:51 | Build | House |
| 19:52 | Create | Villager (Male) |
| 19:53 | Create | Villager (Male) |
| 19:59 | Build | Farm |
| 20:14 | Create | Villager (Male) |
| 20:14 | Create | Villager (Male) |
| 20:19 | Build | House |
| 20:26 | Build | Farm |
| 20:31 | Create | Villager (Male) |
| 20:32 | Create | Villager (Male) |
| 20:32 | Create | Villager (Male) |
| 20:39 | Build | Town Center |
| 20:43 | Build | House |
| 20:44 | Build | House |
| 20:52 | Build | Farm |
| 20:54 | Create | Villager (Male) |
| 20:54 | Create | Villager (Male) |
| 20:55 | Create | Villager (Male) |
| 21:02 | Research | Bow Saw |
| 21:02 | Research | Bow Saw |
| 21:06 | Build | Farm |
| 21:07 | Build | Farm |
| 21:13 | Create | Villager (Male) |
| 21:13 | Create | Villager (Male) |
| 21:22 | Build | Farm |
| 21:35 | Create | Villager (Male) |
| 21:35 | Create | Villager (Male) |
| 21:35 | Create | Villager (Male) |
| 21:40 | Build | University |
| 21:43 | Build | Farm |
Build order — far_costa
First 150 of 669 actions detected
| 0:01 | Create | Villager (Male) |
| 0:02 | Create | Villager (Male) |
| 0:03 | Build | House |
| 0:05 | Build | House |
| 0:19 | Create | Villager (Male) |
| 0:19 | Create | Villager (Male) |
| 0:19 | Create | Villager (Male) |
| 0:33 | Create | Villager (Male) |
| 1:24 | Create | Villager (Male) |
| 1:28 | Build | Lumber Camp |
| 1:59 | Create | Villager (Male) |
| 1:59 | Create | Villager (Male) |
| 2:39 | Create | Villager (Male) |
| 2:39 | Create | Villager (Male) |
| 3:00 | Build | House |
| 3:01 | Build | House |
| 3:02 | Build | House |
| 3:18 | Create | Villager (Male) |
| 3:18 | Create | Villager (Male) |
| 3:47 | Create | Villager (Male) |
| 4:37 | Build | Mill |
| 4:54 | Create | Villager (Male) |
| 5:15 | Create | Villager (Male) |
| 5:15 | Create | Villager (Male) |
| 5:21 | Create | Villager (Male) |
| 5:22 | Create | Villager (Male) |
| 5:22 | Create | Villager (Male) |
| 5:28 | Create | Villager (Male) |
| 5:53 | Create | Villager (Male) |
| 6:09 | Create | Villager (Male) |
| 6:22 | Create | Villager (Male) |
| 6:33 | Create | Villager (Male) |
| 6:53 | Create | Villager (Male) |
| 7:03 | Create | Villager (Male) |
| 7:34 | Build | Mill |
| 8:16 | Research | Feudal Age |
| 9:25 | Build | Palisade Wall |
| 9:27 | Build | Palisade Wall |
| 9:28 | Build | Palisade Wall |
| 10:12 | Create | Villager (Male) |
| 10:31 | Age | Feudal Age |
| 10:37 | Build | Market |
| 10:39 | Build | Blacksmith |
| 10:59 | Create | Villager (Male) |
| 11:25 | Create | Villager (Male) |
| 11:41 | Research | Castle Age |
| 12:07 | Build | Lumber Camp |
| 12:11 | Research | Double-Bit Axe |
| 12:23 | Research | Horse Collar |
| 12:59 | Build | Farm |
| 13:02 | Build | Farm |
| 13:07 | Build | Farm |
| 13:12 | Build | Farm |
| 13:28 | Build | House |
| 13:29 | Build | House |
| 13:30 | Build | House |
| 13:52 | Create | Villager (Male) |
| 14:03 | Create | Villager (Male) |
| 14:30 | Age | Castle Age |
| 14:33 | Build | Town Center |
| 14:39 | Build | Town Center |
| 14:43 | Create | Villager (Male) |
| 15:05 | Build | Farm |
| 15:18 | Build | Farm |
| 15:19 | Build | Farm |
| 15:21 | Build | Farm |
| 15:22 | Build | Farm |
| 15:27 | Build | Farm |
| 15:30 | Create | Villager (Male) |
| 15:35 | Build | Farm |
| 15:40 | Build | Farm |
| 15:42 | Create | Villager (Male) |
| 15:42 | Create | Villager (Male) |
| 15:47 | Build | Farm |
| 15:50 | Build | Farm |
| 15:53 | Build | Farm |
| 16:05 | Create | Villager (Male) |
| 16:06 | Create | Villager (Male) |
| 16:09 | Create | Villager (Male) |
| 16:17 | Build | Farm |
| 16:20 | Create | Villager (Male) |
| 16:28 | Create | Villager (Male) |
| 16:29 | Create | Villager (Male) |
| 16:42 | Build | Monastery |
| 16:44 | Create | Villager (Male) |
| 16:45 | Create | Villager (Male) |
| 16:52 | Create | Villager (Male) |
| 16:53 | Create | Villager (Male) |
| 16:55 | Build | Farm |
| 17:00 | Create | Villager (Male) |
| 17:09 | Build | Farm |
| 17:14 | Build | Farm |
| 17:15 | Create | Villager (Male) |
| 17:18 | Create | Villager (Male) |
| 17:19 | Create | Villager (Male) |
| 17:39 | Create | Monk |
| 17:42 | Create | Villager (Male) |
| 17:42 | Create | Villager (Male) |
| 17:42 | Create | Villager (Male) |
| 17:56 | Create | Villager (Male) |
| 17:58 | Build | Farm |
| 18:01 | Build | Farm |
| 18:02 | Create | Villager (Male) |
| 18:05 | Create | Villager (Male) |
| 18:18 | Create | Villager (Male) |
| 18:23 | Create | Villager (Male) |
| 18:30 | Create | Villager (Male) |
| 18:31 | Create | Villager (Male) |
| 18:34 | Build | Town Center |
| 18:41 | Create | Villager (Male) |
| 18:49 | Create | Villager (Male) |
| 18:52 | Build | Farm |
| 18:53 | Build | Farm |
| 19:02 | Build | Farm |
| 19:03 | Create | Villager (Male) |
| 19:03 | Create | Villager (Male) |
| 19:04 | Create | Villager (Male) |
| 19:09 | Build | House |
| 19:09 | Build | House |
| 19:11 | Create | Villager (Male) |
| 19:17 | Create | Villager (Male) |
| 19:20 | Create | Monk |
| 19:34 | Research | Wheelbarrow |
| 19:34 | Research | Loom |
| 19:39 | Research | Town Watch |
| 19:40 | Research | Town Watch |
| 19:46 | Build | House |
| 19:47 | Build | House |
| 19:47 | Build | House |
| 19:48 | Build | House |
| 19:48 | Build | House |
| 19:48 | Build | House |
| 19:49 | Build | House |
| 19:51 | Create | Villager (Male) |
| 19:51 | Create | Villager (Male) |
| 19:51 | Create | Villager (Male) |
| 20:08 | Create | Villager (Male) |
| 20:08 | Create | Villager (Male) |
| 20:11 | Create | Villager (Male) |
| 20:16 | Create | Villager (Male) |
| 20:16 | Create | Villager (Male) |
| 20:22 | Build | Farm |
| 20:25 | Build | Farm |
| 20:27 | Build | Farm |
| 20:28 | Create | Villager (Male) |
| 20:29 | Create | Villager (Male) |
| 20:29 | Create | Villager (Male) |
| 20:36 | Build | Farm |
| 20:43 | Build | Farm |
| 20:44 | Create | Villager (Male) |
Build order — WolfPaladin
First 150 of 935 actions detected
| 0:01 | Create | Villager (Male) |
| 0:01 | Create | Villager (Male) |
| 0:02 | Build | House |
| 0:04 | Build | House |
| 0:06 | Create | Villager (Male) |
| 0:06 | Create | Villager (Male) |
| 0:06 | Create | Villager (Male) |
| 1:28 | Create | Villager (Male) |
| 1:28 | Create | Villager (Male) |
| 1:46 | Build | Lumber Camp |
| 1:57 | Build | Lumber Camp |
| 2:03 | Create | Villager (Male) |
| 2:03 | Create | Villager (Male) |
| 2:21 | Create | Villager (Male) |
| 2:22 | Create | Villager (Male) |
| 2:46 | Create | Villager (Male) |
| 3:18 | Create | Villager (Male) |
| 3:19 | Create | Villager (Male) |
| 3:22 | Create | Villager (Male) |
| 3:42 | Create | Villager (Male) |
| 3:50 | Build | House |
| 4:02 | Create | Villager (Male) |
| 4:02 | Create | Villager (Male) |
| 4:28 | Build | Mill |
| 4:36 | Create | Villager (Male) |
| 4:42 | Create | Villager (Male) |
| 4:42 | Create | Villager (Male) |
| 4:54 | Create | Villager (Male) |
| 5:14 | Create | Villager (Male) |
| 6:44 | Research | Feudal Age |
| 7:15 | Build | House |
| 8:50 | Create | Villager (Male) |
| 8:54 | Age | Feudal Age |
| 8:54 | Create | Villager (Male) |
| 8:58 | Build | Town Center |
| 9:03 | Create | Villager (Male) |
| 9:19 | Research | Double-Bit Axe |
| 9:20 | Research | Horse Collar |
| 10:20 | Create | Villager (Male) |
| 10:21 | Create | Villager (Male) |
| 10:42 | Create | Villager (Male) |
| 10:45 | Create | Villager (Male) |
| 11:05 | Build | Farm |
| 11:06 | Build | Farm |
| 11:07 | Build | Farm |
| 11:10 | Build | Farm |
| 11:12 | Build | Farm |
| 11:26 | Create | Villager (Male) |
| 11:26 | Create | Villager (Male) |
| 11:33 | Build | Farm |
| 11:35 | Build | Farm |
| 11:39 | Build | Farm |
| 11:42 | Build | Farm |
| 11:43 | Create | Villager (Male) |
| 11:43 | Create | Villager (Male) |
| 11:54 | Build | House |
| 11:55 | Build | House |
| 11:56 | Build | House |
| 12:06 | Create | Villager (Male) |
| 12:06 | Create | Villager (Male) |
| 12:22 | Create | Villager (Male) |
| 12:22 | Create | Villager (Male) |
| 12:24 | Create | Villager (Male) |
| 12:30 | Build | Farm |
| 12:40 | Create | Villager (Male) |
| 12:51 | Create | Villager (Male) |
| 12:51 | Create | Villager (Male) |
| 12:52 | Create | Villager (Male) |
| 13:00 | Build | Farm |
| 13:00 | Create | Villager (Male) |
| 13:03 | Build | Farm |
| 13:19 | Create | Villager (Male) |
| 13:19 | Create | Villager (Male) |
| 13:31 | Create | Villager (Male) |
| 13:31 | Create | Villager (Male) |
| 13:31 | Create | Villager (Male) |
| 13:35 | Build | Farm |
| 13:42 | Create | Villager (Male) |
| 13:43 | Create | Villager (Male) |
| 13:45 | Build | House |
| 13:46 | Build | House |
| 13:50 | Create | Villager (Male) |
| 13:50 | Create | Villager (Male) |
| 13:54 | Build | Farm |
| 13:56 | Build | Farm |
| 14:10 | Create | Villager (Male) |
| 14:10 | Create | Villager (Male) |
| 14:22 | Create | Villager (Male) |
| 14:22 | Create | Villager (Male) |
| 14:26 | Build | Farm |
| 14:26 | Create | Villager (Male) |
| 14:28 | Build | Farm |
| 14:31 | Build | Farm |
| 14:32 | Create | Villager (Male) |
| 14:34 | Build | Farm |
| 14:37 | Create | Villager (Male) |
| 14:37 | Create | Villager (Male) |
| 14:59 | Build | Market |
| 15:10 | Create | Villager (Male) |
| 15:10 | Create | Villager (Male) |
| 15:14 | Build | Farm |
| 15:22 | Build | House |
| 15:35 | Build | Farm |
| 15:45 | Build | Mining Camp |
| 15:46 | Create | Villager (Male) |
| 15:59 | Create | Villager (Male) |
| 16:00 | Create | Villager (Male) |
| 16:04 | Build | Farm |
| 16:08 | Build | Farm |
| 16:21 | Create | Villager (Male) |
| 16:26 | Build | Farm |
| 16:27 | Create | Villager (Male) |
| 16:29 | Build | Farm |
| 16:31 | Create | Villager (Male) |
| 16:43 | Build | Farm |
| 16:44 | Create | Villager (Male) |
| 16:46 | Build | Farm |
| 16:50 | Build | House |
| 17:18 | Build | Blacksmith |
| 17:25 | Create | Villager (Male) |
| 17:25 | Create | Villager (Male) |
| 17:32 | Build | House |
| 17:34 | Build | House |
| 17:48 | Build | Lumber Camp |
| 17:55 | Research | Wheelbarrow |
| 18:12 | Research | Castle Age |
| 18:15 | Research | Loom |
| 18:16 | Create | Villager (Male) |
| 18:17 | Create | Villager (Male) |
| 18:31 | Build | Barracks |
| 18:32 | Create | Villager (Male) |
| 18:33 | Create | Villager (Male) |
| 19:03 | Research | Scale Barding Armor |
| 19:05 | Research | Forging |
| 19:11 | Build | House |
| 19:12 | Build | House |
| 19:34 | Build | Stable |
| 19:37 | Research | Gold Mining |
| 20:10 | Build | Stable |
| 20:15 | Build | Stable |
| 20:18 | Build | Stable |
| 20:22 | Research | Bloodlines |
| 20:32 | Build | Palisade Wall |
| 20:49 | Create | Villager (Male) |
| 20:49 | Create | Villager (Male) |
| 20:52 | Age | Castle Age |
| 20:55 | Build | Farm |
| 20:56 | Research | Bow Saw |
| 21:02 | Create | Steppe Lancer |
| 21:02 | Create | Steppe Lancer |
Build order — Nordigard
First 150 of 834 actions detected
| 0:49 | Create | Villager (Male) |
| 0:50 | Create | Villager (Male) |
| 0:50 | Create | Villager (Male) |
| 0:51 | Build | House |
| 0:54 | Build | House |
| 1:25 | Create | Villager (Male) |
| 2:24 | Create | Villager (Male) |
| 2:24 | Create | Villager (Male) |
| 2:44 | Create | Villager (Male) |
| 2:44 | Create | Villager (Male) |
| 3:01 | Create | Villager (Male) |
| 3:32 | Build | Lumber Camp |
| 3:33 | Create | Villager (Male) |
| 3:33 | Create | Villager (Male) |
| 3:46 | Create | Villager (Male) |
| 4:04 | Build | House |
| 4:04 | Build | House |
| 4:16 | Create | Villager (Male) |
| 4:16 | Create | Villager (Male) |
| 5:07 | Create | Villager (Male) |
| 5:08 | Create | Villager (Male) |
| 5:08 | Create | Villager (Male) |
| 5:28 | Create | Villager (Male) |
| 5:29 | Create | Villager (Male) |
| 6:01 | Create | Villager (Male) |
| 6:01 | Create | Villager (Male) |
| 6:16 | Create | Villager (Male) |
| 6:16 | Create | Villager (Male) |
| 6:38 | Build | House |
| 6:46 | Build | Mill |
| 6:53 | Create | Villager (Male) |
| 6:54 | Create | Villager (Male) |
| 7:00 | Create | Villager (Male) |
| 7:00 | Create | Villager (Male) |
| 7:00 | Create | Villager (Male) |
| 7:15 | Create | Villager (Male) |
| 7:15 | Create | Villager (Male) |
| 7:28 | Build | House |
| 7:30 | Build | House |
| 7:55 | Create | Villager (Male) |
| 7:55 | Create | Villager (Male) |
| 7:59 | Build | House |
| 8:00 | Build | House |
| 8:02 | Build | House |
| 8:03 | Build | House |
| 8:34 | Build | Mining Camp |
| 8:43 | Create | Villager (Male) |
| 8:56 | Create | Villager (Male) |
| 9:22 | Build | Mining Camp |
| 10:33 | Create | Villager (Male) |
| 10:40 | Build | House |
| 10:41 | Build | House |
| 10:47 | Research | Feudal Age |
| 10:48 | Research | Feudal Age |
| 10:49 | Create | Villager (Male) |
| 10:49 | Create | Villager (Male) |
| 10:50 | Create | Villager (Male) |
| 10:50 | Create | Villager (Male) |
| 10:57 | Build | Farm |
| 11:26 | Create | Villager (Male) |
| 11:26 | Create | Villager (Male) |
| 11:26 | Create | Villager (Male) |
| 13:08 | Age | Feudal Age |
| 14:20 | Build | Market |
| 14:24 | Build | Blacksmith |
| 14:26 | Build | House |
| 14:27 | Build | House |
| 14:27 | Build | House |
| 14:27 | Build | House |
| 14:30 | Create | Villager (Male) |
| 14:36 | Research | Horse Collar |
| 14:36 | Research | Horse Collar |
| 14:36 | Research | Horse Collar |
| 14:37 | Research | Double-Bit Axe |
| 14:38 | Research | Double-Bit Axe |
| 14:59 | Build | Farm |
| 15:00 | Build | Farm |
| 15:01 | Build | Farm |
| 15:03 | Build | Farm |
| 15:04 | Build | Farm |
| 15:06 | Build | Farm |
| 15:10 | Build | Farm |
| 15:12 | Build | Farm |
| 15:16 | Build | Farm |
| 15:17 | Create | Villager (Male) |
| 15:27 | Build | Farm |
| 15:29 | Build | Farm |
| 15:47 | Research | Gold Mining |
| 15:54 | Research | Stone Mining |
| 15:54 | Research | Stone Mining |
| 16:06 | Build | Farm |
| 16:07 | Create | Villager (Male) |
| 16:21 | Create | Villager (Male) |
| 16:49 | Create | Villager (Male) |
| 17:07 | Build | Farm |
| 17:21 | Create | Villager (Male) |
| 17:32 | Build | Farm |
| 17:48 | Create | Villager (Male) |
| 17:52 | Build | Farm |
| 18:14 | Create | Villager (Male) |
| 18:17 | Build | Farm |
| 18:41 | Create | Villager (Male) |
| 18:45 | Build | Farm |
| 18:59 | Research | Castle Age |
| 18:59 | Research | Castle Age |
| 20:51 | Build | Barracks |
| 20:56 | Create | Villager (Male) |
| 21:46 | Age | Castle Age |
| 21:56 | Create | Villager (Male) |
| 22:02 | Build | Castle |
| 22:14 | Create | Villager (Male) |
| 22:21 | Build | University |
| 22:28 | Research | Bow Saw |
| 22:32 | Research | Heavy Plow |
| 22:33 | Create | Villager (Male) |
| 22:35 | Build | Farm |
| 22:47 | Create | Spearman |
| 22:51 | Build | Stable |
| 22:59 | Build | Town Center |
| 23:17 | Build | Gate |
| 23:20 | Build | Stone Wall |
| 23:24 | Build | Stone Wall |
| 23:29 | Build | Gate |
| 23:31 | Build | Gate |
| 23:34 | Build | Stone Wall |
| 23:36 | Create | Villager (Male) |
| 23:42 | Research | Imperial Age |
| 23:43 | Research | Imperial Age |
| 24:08 | Build | Gate |
| 24:17 | Create | Villager (Male) |
| 24:19 | Create | Unit 1949 |
| 24:21 | Research | Scale Barding Armor |
| 24:21 | Research | Scale Barding Armor |
| 24:24 | Create | Villager (Male) |
| 24:37 | Create | Unit 1949 |
| 24:56 | Create | Villager (Male) |
| 24:57 | Create | Villager (Male) |
| 24:59 | Build | Farm |
| 25:10 | Create | Unit 1949 |
| 25:24 | Build | Farm |
| 25:27 | Create | Villager (Male) |
| 25:30 | Build | Town Center |
| 25:42 | Research | Gold Shaft Mining |
| 25:42 | Research | Gold Shaft Mining |
| 25:48 | Build | Farm |
| 25:50 | Create | Unit 1949 |
| 25:57 | Build | Mill |
| 25:59 | Build | Farm |
| 25:59 | Build | Farm |
| 25:59 | Build | Farm |
Build order — SS_Tiozão
First 150 of 806 actions detected
| 0:03 | Build | House |
| 0:05 | Build | House |
| 0:15 | Create | Villager (Male) |
| 0:47 | Create | Villager (Male) |
| 0:47 | Create | Villager (Male) |
| 0:51 | Create | Villager (Male) |
| 0:51 | Create | Villager (Male) |
| 1:41 | Create | Villager (Male) |
| 1:42 | Create | Villager (Male) |
| 2:09 | Build | Lumber Camp |
| 2:13 | Create | Villager (Male) |
| 2:13 | Create | Villager (Male) |
| 2:28 | Create | Villager (Male) |
| 3:01 | Create | Villager (Male) |
| 3:02 | Create | Villager (Male) |
| 3:25 | Create | Villager (Male) |
| 3:25 | Create | Villager (Male) |
| 3:58 | Create | Villager (Male) |
| 3:58 | Create | Villager (Male) |
| 3:58 | Create | Villager (Male) |
| 4:04 | Build | House |
| 4:19 | Create | Villager (Male) |
| 4:19 | Create | Villager (Male) |
| 4:46 | Create | Villager (Male) |
| 4:46 | Create | Villager (Male) |
| 5:05 | Create | Villager (Male) |
| 5:10 | Create | Villager (Male) |
| 5:20 | Create | Villager (Male) |
| 5:51 | Create | Villager (Male) |
| 5:55 | Build | Mill |
| 6:22 | Build | House |
| 6:41 | Create | Villager (Male) |
| 7:52 | Create | Villager (Male) |
| 8:22 | Create | Villager (Male) |
| 8:22 | Create | Villager (Male) |
| 8:34 | Create | Villager (Male) |
| 9:04 | Build | Farm |
| 9:06 | Build | Farm |
| 9:13 | Build | Mining Camp |
| 9:31 | Build | Farm |
| 9:48 | Research | Feudal Age |
| 9:49 | Research | Loom |
| 10:11 | Build | Farm |
| 10:45 | Build | House |
| 12:06 | Age | Feudal Age |
| 12:16 | Build | Market |
| 12:19 | Build | Blacksmith |
| 12:28 | Build | Farm |
| 12:35 | Build | Farm |
| 12:36 | Create | Villager (Male) |
| 12:45 | Create | Villager (Male) |
| 13:21 | Research | Castle Age |
| 13:21 | Research | Castle Age |
| 13:28 | Build | Farm |
| 13:33 | Build | House |
| 13:38 | Build | Farm |
| 16:06 | Age | Castle Age |
| 16:12 | Build | Town Center |
| 16:20 | Create | Villager (Male) |
| 16:26 | Build | Town Center |
| 16:41 | Create | Villager (Male) |
| 17:00 | Create | Villager (Male) |
| 17:09 | Build | Farm |
| 17:19 | Build | House |
| 17:22 | Create | Villager (Male) |
| 17:22 | Create | Villager (Male) |
| 17:27 | Create | Villager (Male) |
| 17:32 | Research | Double-Bit Axe |
| 17:41 | Create | Villager (Male) |
| 17:46 | Build | Farm |
| 17:52 | Create | Villager (Male) |
| 17:53 | Create | Villager (Male) |
| 18:06 | Build | Farm |
| 18:10 | Build | House |
| 18:12 | Create | Villager (Male) |
| 18:15 | Create | Villager (Male) |
| 18:19 | Create | Villager (Male) |
| 18:21 | Research | Wheelbarrow |
| 18:24 | Create | Villager (Male) |
| 18:24 | Create | Villager (Male) |
| 18:35 | Build | Farm |
| 18:40 | Build | House |
| 18:48 | Build | Farm |
| 18:52 | Build | Farm |
| 18:53 | Create | Villager (Male) |
| 18:54 | Create | Villager (Male) |
| 19:11 | Build | Lumber Camp |
| 19:16 | Create | Villager (Male) |
| 19:16 | Create | Villager (Male) |
| 19:20 | Build | House |
| 19:30 | Research | Bow Saw |
| 19:30 | Create | Villager (Male) |
| 19:44 | Create | Villager (Male) |
| 19:48 | Build | Lumber Camp |
| 19:55 | Research | Horse Collar |
| 19:55 | Research | Horse Collar |
| 19:56 | Research | Horse Collar |
| 19:57 | Create | Villager (Male) |
| 19:57 | Create | Villager (Male) |
| 20:01 | Build | House |
| 20:04 | Build | House |
| 20:07 | Create | Villager (Male) |
| 20:08 | Create | Villager (Male) |
| 20:19 | Build | Mining Camp |
| 20:22 | Create | Villager (Male) |
| 20:22 | Create | Villager (Male) |
| 20:29 | Build | Farm |
| 20:30 | Build | Farm |
| 20:35 | Create | Villager (Male) |
| 20:35 | Create | Villager (Male) |
| 20:57 | Create | Villager (Male) |
| 21:02 | Build | House |
| 21:13 | Build | Farm |
| 21:14 | Build | Farm |
| 21:19 | Build | Farm |
| 21:22 | Build | Farm |
| 21:25 | Build | Mill |
| 21:26 | Create | Villager (Male) |
| 21:27 | Create | Villager (Male) |
| 21:32 | Build | Farm |
| 21:33 | Build | Farm |
| 21:34 | Build | Farm |
| 21:45 | Create | Villager (Male) |
| 21:56 | Build | Barracks |
| 21:57 | Create | Villager (Male) |
| 22:03 | Build | Farm |
| 22:07 | Build | Farm |
| 22:09 | Create | Villager (Male) |
| 22:11 | Create | Villager (Male) |
| 22:13 | Create | Villager (Male) |
| 22:15 | Create | Villager (Male) |
| 22:16 | Create | Villager (Male) |
| 22:24 | Build | House |
| 22:26 | Build | House |
| 22:31 | Build | Farm |
| 22:34 | Create | Villager (Male) |
| 22:43 | Build | Farm |
| 22:44 | Build | Farm |
| 22:47 | Research | Heavy Plow |
| 22:47 | Create | Villager (Male) |
| 22:53 | Build | Farm |
| 22:59 | Create | Villager (Male) |
| 23:03 | Create | Villager (Male) |
| 23:05 | Create | Villager (Male) |
| 23:17 | Build | Mining Camp |
| 23:19 | Create | Villager (Male) |
| 23:21 | Create | Villager (Male) |
| 23:23 | Create | Villager (Male) |
| 23:30 | Build | University |
| 23:32 | Create | Villager (Male) |
Match timeline
| 8:54 | WolfPaladin · age_up feudal |
| 9:25 | far_costa · wall_segment Palisade Wall x1 |
| 9:27 | far_costa · wall_segment Palisade Wall x1 |
| 9:28 | far_costa · wall_segment Palisade Wall x1 |
| 10:31 | SS_Snap · age_up feudal |
| 10:31 | far_costa · age_up feudal |
| 10:53 | Jnosh · age_up feudal |
| 10:56 | SS_T3q · age_up feudal |
| 10:59 | LeoHefny · age_up feudal |
| 11:38 | far_costa · first_market_sell 100 wood |
| 12:06 | SS_Tiozão · age_up feudal |
| 13:08 | Nordigard · age_up feudal |
| 14:28 | Jnosh · age_up castle |
| 14:30 | far_costa · age_up castle |
| 14:30 | SS_T3q · age_up castle |
| 14:44 | LeoHefny · age_up castle |
| 16:06 | SS_Snap · age_up castle |
| 16:06 | SS_Tiozão · age_up castle |
| 16:08 | SS_Snap · first_market_sell 100 food |
| 16:09 | SS_Snap · first_market_buy 100 stone |
| 16:26 | SS_Snap · first_building Castle |
| 16:42 | far_costa · first_building Monastery |
| 16:43 | LeoHefny · first_market_buy 100 food |
| 17:27 | LeoHefny · first_building Monastery |
| 18:28 | Nordigard · first_market_buy 100 food |
| 18:31 | WolfPaladin · first_building Barracks |
| 19:08 | Jnosh · first_building Monastery |
| 19:34 | WolfPaladin · first_building Stable |
| 20:32 | WolfPaladin · wall_segment Palisade Wall x1 |
| 20:51 | Nordigard · first_building Barracks |
| 20:52 | WolfPaladin · age_up castle |
| 21:08 | WolfPaladin · first_building Siege Workshop |
| 21:18 | Jnosh · wall_segment Stone Wall x1 |
| 21:43 | Jnosh · first_market_buy 100 stone |
| 21:46 | Nordigard · age_up castle |
| 21:56 | SS_Tiozão · first_building Barracks |
| 21:59 | Jnosh · first_building Castle |
| 22:02 | Nordigard · first_building Castle |
| 22:08 | Jnosh · first_building Barracks |
| 22:16 | far_costa · first_building Barracks |
| 22:34 | LeoHefny · first_building Barracks |
| 22:51 | Nordigard · first_building Stable |
| 22:53 | far_costa · wall_segment Palisade Wall x1 |
| 22:54 | far_costa · wall_segment Palisade Wall x1 |
| 22:56 | far_costa · wall_segment Palisade Wall x1 |
| 23:04 | Jnosh · first_building Archery Range |
| 23:20 | Nordigard · wall_segment Stone Wall x6 |
| 23:24 | Nordigard · wall_segment Stone Wall x1 |
| 23:34 | Nordigard · wall_segment Stone Wall x3 |
| 23:59 | WolfPaladin · first_market_sell 100 wood |
| 24:00 | WolfPaladin · first_market_buy 100 food |
| 24:03 | Jnosh · wall_segment Stone Wall x1 |
| 24:11 | SS_T3q · first_building Siege Workshop |
| 24:13 | SS_Tiozão · first_building Monastery |
| 24:15 | Jnosh · wall_segment Stone Wall x3 |
| 24:26 | Jnosh · wall_segment Stone Wall x5 |
| 24:27 | Jnosh · wall_segment Stone Wall x5 |
| 24:42 | Jnosh · wall_segment Stone Wall x8 |
| 24:51 | SS_T3q · first_building Castle |
| 25:06 | Jnosh · wall_segment Stone Wall x6 |
| 25:12 | Jnosh · wall_segment Stone Wall x8 |
| 25:15 | LeoHefny · first_building Castle |
| 25:21 | far_costa · first_building Stable |
| 25:55 | Jnosh · wall_segment Stone Wall x10 |
| 25:56 | SS_T3q · first_building Barracks |
| 26:01 | Jnosh · wall_segment Stone Wall x7 |
| 26:05 | Jnosh · wall_segment Stone Wall x1 |
| 26:28 | LeoHefny · first_building Archery Range |
| 26:29 | SS_T3q · first_building Archery Range |
| 26:31 | SS_T3q · first_building Stable |
| 26:40 | Jnosh · wall_segment Stone Wall x4 |
| 27:02 | LeoHefny · first_building Siege Workshop |
| 27:04 | SS_T3q · first_market_sell 100 food |
| 27:05 | SS_T3q · first_market_buy 100 stone |
| 27:11 | Nordigard · age_up imperial |
| 27:21 | SS_Tiozão · first_building Castle |
| 27:32 | Jnosh · first_market_sell 100 stone |
| 27:43 | LeoHefny · age_up imperial |
| 28:10 | SS_T3q · age_up imperial |
| 28:12 | Jnosh · first_building Siege Workshop |
| 28:35 | far_costa · age_up imperial |
| 28:59 | Nordigard · first_market_sell 100 wood |
| 29:10 | SS_Snap · first_building Barracks |
| 29:35 | SS_Tiozão · wall_segment Stone Wall x4 |
| 29:36 | SS_Tiozão · age_up imperial |
| 30:09 | SS_Snap · age_up imperial |
| 30:11 | far_costa · first_building Castle |
| 30:27 | SS_Snap · first_building Stable |
| 31:16 | Jnosh · age_up imperial |
| 31:30 | far_costa · first_building Archery Range |
| 34:15 | SS_Tiozão · first_market_sell 100 wood |
| 36:06 | Nordigard · wall_segment Stone Wall x6 |
| 36:08 | SS_Snap · first_building Monastery |
| 36:08 | SS_Tiozão · first_market_buy 100 stone |
| 36:09 | Nordigard · wall_segment Stone Wall x4 |
| 36:43 | Nordigard · wall_segment Stone Wall x1 |
| 36:43 | Nordigard · wall_segment Stone Wall x1 |
| 37:02 | WolfPaladin · first_building Monastery |
| 38:39 | WolfPaladin · first_building Castle |
| 38:58 | LeoHefny · first_market_sell 500 wood |
| 40:10 | Nordigard · first_building Siege Workshop |
| 41:40 | WolfPaladin · age_up imperial |
| 42:21 | SS_Snap · tribute_sent a jugador 1 |
| 42:21 | SS_Snap · tribute_sent a jugador 3 |
| 42:21 | SS_Snap · tribute_sent a jugador 4 |
| 42:21 | SS_Snap · tribute_sent a jugador 5 |
| 42:21 | SS_Snap · tribute_sent a jugador 6 |
| 42:21 | SS_Snap · tribute_sent a jugador 7 |
| 42:21 | SS_Snap · tribute_sent a jugador 8 |
| 44:02 | Nordigard · wall_segment Stone Wall x2 |
| 44:03 | Nordigard · wall_segment Stone Wall x1 |
| 47:06 | LeoHefny · wall_segment Stone Wall x3 |
| 47:09 | LeoHefny · wall_segment Stone Wall x3 |
| 47:10 | LeoHefny · wall_segment Stone Wall x1 |
| 47:36 | SS_Snap · tribute_sent a jugador 1 |
| 47:36 | SS_Snap · tribute_sent a jugador 3 |
| 47:36 | SS_Snap · tribute_sent a jugador 4 |
| 47:36 | SS_Snap · tribute_sent a jugador 5 |
| 47:36 | SS_Snap · tribute_sent a jugador 6 |
| 47:36 | SS_Snap · tribute_sent a jugador 7 |
| 47:36 | SS_Snap · tribute_sent a jugador 8 |
| 48:21 | Nordigard · wall_segment Stone Wall x1 |
| 50:19 | SS_Snap · tribute_sent a jugador 1 |
| 50:19 | SS_Snap · tribute_sent a jugador 3 |
| 50:19 | SS_Snap · tribute_sent a jugador 4 |
| 50:19 | SS_Snap · tribute_sent a jugador 5 |
| 50:19 | SS_Snap · tribute_sent a jugador 6 |
| 50:19 | SS_Snap · tribute_sent a jugador 7 |
| 50:19 | SS_Snap · tribute_sent a jugador 8 |
| 50:40 | Nordigard · wall_segment Stone Wall x1 |
| 52:35 | Nordigard · wall_segment Stone Wall x3 |
| 53:37 | WolfPaladin · tribute_sent a jugador 1 |
| 53:37 | WolfPaladin · tribute_sent a jugador 2 |
| 53:37 | WolfPaladin · tribute_sent a jugador 3 |
| 53:37 | WolfPaladin · tribute_sent a jugador 4 |
| 53:37 | WolfPaladin · tribute_sent a jugador 5 |
| 53:37 | WolfPaladin · tribute_sent a jugador 7 |
| 53:37 | WolfPaladin · tribute_sent a jugador 8 |
| 53:42 | SS_Snap · tribute_sent a jugador 1 |
| 53:42 | SS_Snap · tribute_sent a jugador 3 |
| 53:42 | SS_Snap · tribute_sent a jugador 4 |
| 53:42 | SS_Snap · tribute_sent a jugador 5 |
| 53:43 | SS_Snap · tribute_sent a jugador 6 |
| 53:43 | SS_Snap · tribute_sent a jugador 7 |
| 53:43 | SS_Snap · tribute_sent a jugador 8 |
| 54:12 | SS_Snap · tribute_sent a jugador 1 |
| 54:12 | SS_Snap · tribute_sent a jugador 3 |
| 54:12 | SS_Snap · tribute_sent a jugador 4 |
| 54:12 | SS_Snap · tribute_sent a jugador 5 |
| 54:12 | SS_Snap · tribute_sent a jugador 6 |
| 54:12 | SS_Snap · tribute_sent a jugador 7 |
| 54:12 | SS_Snap · tribute_sent a jugador 8 |
| 54:59 | LeoHefny · tribute_sent a jugador 1 |
| 54:59 | LeoHefny · tribute_sent a jugador 2 |
| 54:59 | LeoHefny · tribute_sent a jugador 4 |
| 54:59 | LeoHefny · tribute_sent a jugador 5 |
| 54:59 | LeoHefny · tribute_sent a jugador 6 |
| 54:59 | LeoHefny · tribute_sent a jugador 7 |
| 54:59 | LeoHefny · tribute_sent a jugador 8 |
| 56:49 | LeoHefny · tribute_sent a jugador 1 |
| 56:49 | LeoHefny · tribute_sent a jugador 2 |
| 56:49 | LeoHefny · tribute_sent a jugador 4 |
| 56:49 | LeoHefny · tribute_sent a jugador 5 |
| 56:49 | LeoHefny · tribute_sent a jugador 6 |
| 56:49 | LeoHefny · tribute_sent a jugador 7 |
| 56:49 | LeoHefny · tribute_sent a jugador 8 |
| 57:23 | SS_Snap · wall_segment Stone Wall x28 |
| 58:57 | LeoHefny · tribute_sent a jugador 1 |
| 58:57 | LeoHefny · tribute_sent a jugador 2 |
| 58:57 | LeoHefny · tribute_sent a jugador 4 |
| 58:57 | LeoHefny · tribute_sent a jugador 5 |
| 58:57 | LeoHefny · tribute_sent a jugador 6 |
| 58:57 | LeoHefny · tribute_sent a jugador 7 |
| 58:57 | LeoHefny · tribute_sent a jugador 8 |
| 59:37 | WolfPaladin · resign |
[ AI ANALYSIS · 1 CREDIT ]
What really happened in this match?
Wolo.gg analyzes every decision: build order, eco, micro, common mistakes by bracket. Personalized analysis on WhatsApp or Discord in 30 seconds.
Civ guide
Armenians
Perfil
LeoHefny